Map: Port Aleksander LE

Players

RexRequired - Winner!

  • Race: Terran Terran
  • Spawn Location: 5:00

Revolution

  • Race: Zerg Zerg
  • League: Master
  • Spawn Location: 11:00

VOD

Have the link to the VOD?

Description

Time

  • Played on: Dec. 28, 2018, 7 a.m.
  • Length: 15:49
Show
View Real Time Build Order
Export as new Build Order

RexRequired Terran - Winner!

Build Orders: Liberator Opening, Reaper Expand 

Get SALT Encoding   

  12  0:01  SCV  
  13  0:13  SCV  
  14  0:18  Supply Depot  
  14  0:25  SCV  
  15  0:39  SCV  
  15  0:42  Barracks  
  16  0:44  Refinery  
  16  0:51  SCV  
  17  1:03  SCV  
  18  1:16  SCV  
  19  1:29  Orbital Command, Reaper  
  20  1:42  Command Center  
  20  1:54  Supply Depot  
  20  1:55  SCV  
  20  2:01  Marine  
  21  2:07  SCV  
  23  2:12  Factory  
  23  2:19  Refinery  
  23  2:20  SCV  
  23  2:22  Barracks Reactor  
  24  2:32  SCV  
  25  2:44  SCV  
  26  2:56  SCV, Orbital Command  
  27  2:59  Starport  
  27  3:03  Hellion x2  
  31  3:08  SCV  
  31  3:09  Barracks Tech Lab  
  32  3:18  Supply Depot  
  32  3:20  SCV  
  32  3:21  SCV  
  32  3:24  Liberator  
  36  3:27  Hellion  
  36  3:28  Hellion  
  36  3:32  Stimpack  
  38  3:34  SCV  
  38  3:37  SCV  
  40  3:46  SCV  
  44  3:49  SCV  
  44  3:51  Hellion  
  44  3:54  Hellion  
  49  3:58  SCV  
  49  3:59  Supply Depot  
  50  4:03  SCV  
  51  4:10  SCV  
  51  4:15  SCV  
  53  4:21  Factory Tech Lab  
  53  4:23  Command Center, Supply Depot  
  53  4:24  SCV  
  54  4:27  SCV  
  55  4:32  Barracks  
  55  4:35  Barracks  
  55  4:38  Starport Reactor  
  55  4:41  SCV, Siege Tank  
  55  4:44  SCV  
  60  4:54  SCV, Engineering Bay  
  60  4:56  SCV, Engineering Bay, Marine  
  63  5:05  Refinery  
  63  5:07  SCV, Refinery, Supply Depot  
  63  5:08  SCV  
  63  5:13  Siege Tank  
  63  5:14  Marine  
  65  5:19  SCV  
  65  5:20  SCV, Marine  
  64  5:30  Marine  
  64  5:31  SCV  
  64  5:32  SCV  
  67  5:42  Marine  
  66  5:43  SCV, Starport Reactor  
  66  5:44  SCV  
  66  5:45  Siege Tank  
  66  5:47  Orbital Command  
  65  5:50  Terran Infantry Weapons Level 1, Terran Infantry Armor Level 1  
  65  5:51  Marine x2  
  65  5:52  Marine x2  
  65  5:55  SCV  
  70  5:57  Combat Shield, Supply Depot  
  70  5:58  SCV  
  70  6:01  Marine  
  72  6:07  SCV  
  72  6:09  Marine x2  
  72  6:10  SCV, Marine x2  
  78  6:19  Orbital Command, Marine  
  78  6:21  Medivac x2, Supply Depot  
  78  6:22  Supply Depot  
  83  6:26  SCV x2, Marine  
  83  6:27  Marine  
  83  6:28  Factory Reactor, Marine x2  
  89  6:36  Marine  
  90  6:44  Armory, Marine x2  
  90  6:46  SCV x2, Barracks, Marine x2  
  90  6:47  Barracks, SCV  
  97  6:54  Marine  
  97  6:56  Factory  
  97  6:58  SCV  
  97  6:59  SCV  
  97  7:00  Supply Depot  
  97  7:01  Supply Depot  
  100  7:02  Marine  
  100  7:03  Medivac x2  
  100  7:05  SCV  
  100  7:08  Marine x3  
  107  7:12  Marine  
  110  7:16  Widow Mine  
  110  7:19  Widow Mine  
  110  7:21  Marine  
  115  7:23  Supply Depot  
  115  7:24  SCV x3, Supply Depot  
  115  7:26  Marine  
  115  7:27  Refinery  
  119  7:40  Marine x3  
  119  7:41  Marauder  
  130  7:44  Widow Mine x2  
  130  7:45  Barracks Reactor  
  130  7:46  Barracks Reactor  
  130  7:51  Terran Infantry Weapons Level 2, Terran Infantry Armor Level 2  
  128  7:52  Command Center  
  128  7:56  Marine  
  128  7:58  Marine x3  
  129  8:00  Drilling Claws  
  129  8:02  Marauder, Widow Mine  
  129  8:05  Supply Depot  
  136  8:06  SCV  
  136  8:07  Supply Depot  
  136  8:08  SCV  
  136  8:12  Widow Mine x2  
  142  8:19  Supply Depot  
  142  8:23  Widow Mine  
  144  8:31  Marine  
  144  8:32  Marauder, Marine x4  
  144  8:33  Widow Mine x2, Marine  
  144  8:34  Marine x2  
  158  8:35  Medivac  
  158  8:36  Medivac  
  162  8:43  Supply Depot  
  162  8:45  Widow Mine  
  157  8:57  Marine x4  
  157  8:58  Marauder, Marine x4  
  157  8:59  Missile Turret  
  157  9:01  Missile Turret  
  161  9:14  Widow Mine  
  161  9:15  Marine x2  
  161  9:16  Medivac x2  
  147  9:19  Marauder  
  147  9:20  Widow Mine x2  
  148  9:27  Marine x2  
  145  9:41  Marine  
  145  9:42  Barracks, Marine x2  
  145  9:43  SCV x2  
  145  9:44  Barracks, SCV  
  150  9:46  Missile Turret  
  150  9:52  Barracks  
  150  9:53  Widow Mine x3  
  150  9:55  SCV  
  150  9:58  SCV x2  
  155  10:07  Marauder, SCV, Missile Turret, Marine x5  
  155  10:08  Marine x3  
  169  10:14  Widow Mine x2  
  169  10:22  Planetary Fortress  
  169  10:24  Marine x2  
  169  10:26  Marine x2  
  169  10:27  Widow Mine  
  173  10:29  Marauder  
  175  10:41  Widow Mine x2  
  179  10:45  Marine  
  179  10:46  Marine x3  
  179  10:48  Medivac x2  
  179  10:49  Widow Mine  
  187  10:50  Marauder  
  187  10:54  Marine x2  
  191  10:58  Marine  
  191  11:02  Widow Mine x2  
  194  11:11  Marauder, Widow Mine  
  183  11:14  Marine x2  
  183  11:20  Marine x4  
  183  11:22  Barracks Tech Lab x3  
  183  11:23  Widow Mine  
  183  11:24  Widow Mine  
  188  11:25  SCV  
  188  11:26  SCV x2  
  193  11:33  Marauder  
  193  11:38  Marine x3  
  190  11:40  Widow Mine  
  190  11:45  Medivac x2  
  143  11:47  Widow Mine x2  
  140  11:54  Marauder, Marine  
  140  11:55  Marine x7  
  140  11:56  Marine x2  
  140  11:59  Terran Infantry Weapons Level 3  
  140  12:00  Terran Infantry Armor Level 3  
  142  12:01  Widow Mine  
  142  12:12  Refinery  
  142  12:13  Marauder x3, Marine x4  
  142  12:14  Marine x2  
  142  12:15  Marauder, Supply Depot  
  156  12:20  Medivac x2  
  160  12:26  Widow Mine x2  
  160  12:27  Marine  
  160  12:28  Marine  
  166  12:31  Marine x3  
  166  12:35  Marauder x3  
  175  12:37  Marauder  
  175  12:40  Marine  
  175  12:43  Widow Mine  
  176  12:49  Liberator x2  
  176  12:50  Marine x3  
  173  12:54  Widow Mine x2  
  173  12:55  Marine  
  173  12:56  Marauder x3, Marine x3  
  173  12:58  Marauder, Marine  
  185  13:04  Widow Mine  
  174  13:07  Marine  
  174  13:08  Marine x2  
  181  13:15  Widow Mine x2  
  181  13:17  Marauder x2  
  170  13:22  Marauder, Marine  
  170  13:25  Marine  
  170  13:26  Marauder, Widow Mine  
  156  13:28  Marine x6  
  154  13:37  Widow Mine x2  
  154  13:38  Marine x2  
  154  13:39  Marine  
  149  13:43  Marine x2  
  149  13:45  Marine  
  149  13:46  Marine x5  
  149  13:47  Widow Mine, Marine  
  160  13:49  Medivac x2  
  164  13:56  Marine x2  
  164  13:57  Marine  
  164  13:58  Widow Mine x2  
  164  14:01  Marine x2  
  173  14:03  Marine  
  173  14:04  Marine x5  
  173  14:05  Marauder  
  173  14:08  Widow Mine  
  183  14:14  Sensor Tower, Marauder, Marine  
  183  14:15  Marine  
  187  14:18  Command Center  
  187  14:19  Marauder, Widow Mine, Marine  
  187  14:20  Widow Mine  
  187  14:21  Marine x2  
  188  14:29  Marine x5  
  188  14:30  Widow Mine  
  171  14:39  Marine x6  
  171  14:40  Marine  
  171  14:41  Widow Mine  
  174  14:46  Widow Mine  
  174  14:47  Marine x5  
  174  14:51  Widow Mine  
  178  14:53  Medivac x2  
  178  14:57  Marine x5  
  178  14:58  Marauder x2  
  188  15:04  Marine  
  188  15:06  Marauder  
  191  15:16  Sensor Tower  
  191  15:17  Marauder, Marine x3  
  191  15:18  Marine x3  
  199  15:21  Marine  
  199  15:23  Marauder, Marine  
Show
View Real Time Build Order
Export as new Build Order

Revolution Zerg 

Build Orders: Hatch First, Muta Ling Bane 

Get SALT Encoding   

  12  0:00  Drone  
  13  0:13  Overlord  
  13  0:18  Drone  
  14  0:32  Drone x2  
  16  0:37  Drone  
  17  0:54  Hatchery  
  17  0:57  Drone  
  17  0:59  Extractor  
  17  1:02  Drone  
  17  1:17  Spawning Pool  
  16  1:20  Drone  
  16  1:23  Drone  
  18  1:32  Drone  
  19  1:45  Overlord  
  19  1:52  Drone  
  20  2:06  Queen x2  
  20  2:07  Zergling x2  
  25  2:09  Zergling x2  
  26  2:16  Metabolic Boost  
  26  2:21  Drone x2  
  28  2:29  Drone x2  
  30  2:35  Drone  
  30  2:46  Queen  
  32  2:54  Overlord  
  32  2:56  Drone x3  
  35  3:01  Overlord  
  35  3:18  Queen  
  37  3:22  Drone x2  
  37  3:23  Drone x2  
  37  3:25  Hatchery  
  40  3:30  Overlord  
  40  3:33  Drone x3  
  40  3:34  Drone  
  44  3:39  Queen  
  46  3:49  Drone x3  
  49  3:59  Zergling x10  
  54  4:07  Queen  
  56  4:14  Overlord x3  
  56  4:37  Drone  
  56  4:38  Drone x8  
  61  4:39  Queen  
  67  4:47  Evolution Chamber  
  67  4:48  Evolution Chamber  
  67  4:49  Drone x2  
  67  4:50  Drone  
  68  4:56  Spore Crawler  
  68  4:57  Zergling x6  
  70  5:01  Spore Crawler  
  69  5:12  Drone  
  69  5:13  Drone x4  
  65  5:34  Drone x7  
  65  5:35  Drone x2  
  73  5:37  Zerg Melee Weapons Level 1  
  73  5:38  Zerg Ground Armor Level 1  
  66  5:48  Drone x3  
  69  5:52  Extractor  
  69  5:53  Extractor  
  69  5:56  Extractor  
  66  5:57  Extractor  
  66  5:59  Drone x3  
  66  6:03  Hatchery, Extractor  
  66  6:04  Lair  
  67  6:11  Zergling x2  
  67  6:12  Zergling x4  
  69  6:25  Hatchery  
  68  6:29  Baneling Nest, Zergling x8  
  68  6:31  Overlord x2  
  68  6:32  Overlord  
  71  6:33  Drone  
  71  6:34  Drone x6  
  75  6:47  Zergling x4  
  75  6:48  Zergling x4  
  75  6:52  Zergling x2  
  75  6:53  Zergling x4  
  82  6:54  Zergling x2  
  82  6:55  Zergling x6  
  86  7:03  Zergling x10  
  91  7:09  Spire  
  91  7:13  Pneumatized Carapace  
  91  7:14  Drone  
  91  7:15  Drone x2  
  93  7:16  Queen  
  93  7:18  Centrifical Hooks  
  93  7:20  Baneling x5  
  95  7:29  Overlord x3  
  95  7:30  Drone x3  
  95  7:32  Drone x3  
  95  7:33  Zerg Melee Weapons Level 2  
  101  7:56  Drone x3  
  101  7:57  Drone x15  
  119  8:02  Zerg Ground Armor Level 2  
  119  8:05  Overlord  
  119  8:07  Overlord  
  119  8:24  Baneling x6  
  119  8:26  Mutalisk  
  119  8:27  Mutalisk x7  
  119  8:30  Overseer  
  119  8:33  Zerg Flyer Weapons Level 1  
  114  8:58  Mutalisk x4  
  120  9:13  Zergling x2  
  120  9:14  Zergling x36  
  120  9:15  Zergling x6  
  130  9:25  Mutalisk  
  130  9:26  Mutalisk x4  
  140  9:40  Mutalisk x2  
  140  9:42  Overlord x3  
  140  9:43  Overlord  
  144  9:52  Baneling  
  144  9:53  Baneling x9  
  144  9:59  Overlord x6, Extractor x2  
  142  10:03  Infestation Pit  
  141  10:14  Queen  
  143  10:21  Hatchery  
  142  10:29  Zergling x2  
  142  10:30  Zergling x34  
  142  10:32  Baneling  
  142  10:33  Baneling x18  
  140  10:58  Mutalisk x5  
  140  10:59  Mutalisk  
  140  11:01  Zergling x18  
  146  11:14  Mutalisk  
  146  11:15  Mutalisk  
  143  11:19  Zergling x2  
  143  11:20  Zergling x6  
  105  11:59  Zergling x2  
  105  12:00  Zergling x40  
  126  12:04  Queen  
  126  12:06  Hive  
  126  12:07  Queen  
  128  12:11  Zergling x2  
  128  12:12  Zergling x16  
  128  12:14  Zergling x4  
  139  12:24  Baneling x3  
  139  12:25  Baneling x9  
  139  12:35  Baneling  
  139  12:36  Baneling x4, Mutalisk x4  
  139  12:37  Mutalisk x4  
  141  12:55  Zergling x2  
  141  12:56  Zergling x28  
  139  13:06  Zergling x2  
  139  13:07  Zergling x12  
  139  13:08  Baneling  
  139  13:09  Baneling x2  
  108  13:38  Mutalisk  
  108  13:39  Mutalisk x8  
  104  13:45  Zergling x16  
  104  13:46  Zergling x2  
  113  14:00  Baneling x5  
  113  14:05  Overseer x2  
  113  14:08  Mutalisk x3  
  112  14:30  Baneling x2  
  112  14:31  Baneling x4, Zergling x2  
  103  14:32  Zergling x32  
  103  14:33  Zergling x2  
  105  14:54  Mutalisk  
  105  14:55  Mutalisk x4  
  105  14:56  Mutalisk  
  116  15:14  Hatchery  
  113  15:25  Zergling x8  
  113  15:26  Zergling x2  
  118  15:29  Baneling x2  
Tags
 
Add a new tag
Caveats
  • Supply blocks, unpowered buildings, or Contaminate may cause inaccurate times.
  • Supply counts are checked every 10 seconds.